 Dungeon Crawl Stone Soup version 0.28-a0-793-g31680bbd8b (webtiles) character file.

Game seed: 11377698259240998290

147 cheechan the Cudgeller (level 5, -1/50 HPs)
             Began as a Naga Chaos Knight on Nov 3, 2021.
             Was a Plaything of Xom.
             Slain by a gnoll (7 damage)
             ... on level 2 of the Dungeon.
             The game lasted 00:04:07 (1103 turns).

cheechan the Cudgeller (Naga Chaos Knight)          Turns: 1103, Time: 00:04:07

Health: -1/50      AC:  6    Str: 15    XL:     5   Next: 29%
Magic:  5/5        EV:  9    Int: 12    God:    Xom [.*....]
Gold:   160        SH:  0    Dex: 11    Spells: 4/4 levels left

rFire   . . .      SeeInvis +   a - +0 mace (chaos)
rCold   . . .      Faith    .   (no shield)
rNeg    . . .      Spirit   .   b - +2 leather armour
rPois   +          Reflect  .   (no helmet)
rElec   .          Harm     .   (no cloak)
rCorr   .          Rampage  .   h - +0 pair of gloves
Will    .....                   (no barding)
Stlth   +.........              (no amulet)
HPRegen 0.16/turn               (no ring)
MPRegen 0.09/turn               (no ring)

@: very slow
A: AC +1, large, see invisible, deformed body, poison resistance, slowness 2,
spit poison 1, naga tail 1, stinger 1
a: Spit Poison, Renounce Religion


You were on level 2 of the Dungeon.
You worshipped Xom.
You were a plaything of Xom.
You visited 1 branch of the dungeon, and saw 2 of its levels.

You collected 160 gold pieces.

Inventory:

Hand Weapons
 a - a +0 mace of chaos (weapon)
 f - a +0 whip
 g - a +0 war axe
Missiles
 c - 20 arrows
Armour
 b - a +2 leather armour (worn)
 h - a +0 pair of gloves (worn)
Potions
 d - a potion of heal wounds
 e - a potion of attraction {unknown}


   Skills:
 + Level 3.8 Fighting
 + Level 4.4 Maces & Flails
 + Level 2.1 Armour
 + Level 1.7 Dodging
 + Level 0.5 Stealth


You had 4 spell levels left.
You didn't know any spells.
Your spell library contained the following spells:

 Spells                   Type           Power      Damage    Failure   Level
 Corpse Rot               Necr/Air       0%         N/A       52%         2
 Dispel Undead            Necr           0%         3d6       99%         4
 Death Channel            Necr           0%         N/A       100%        6


Dungeon Overview and Level Annotations

Branches:
Dungeon (2/15)

Altars:


Innate Abilities, Weirdness & Mutations

Your serpentine skin is tough. (AC +1)
You have supernaturally acute eyesight. (SInv)
Armour fits poorly on your strangely shaped body.
Your system is resistant to poisons. (rPois)
You cover ground very slowly.
You can spit poison.
You have a snake-like lower body.
Your tail ends in a venomous barb.


Message History

Found a stone staircase leading up.
Your surroundings suddenly seem different.
Your surroundings suddenly seem different.
Your surroundings suddenly seem different.
Found an escape hatch in the ceiling.
Unknown command.
There is an escape hatch in the ceiling here.
A kobold comes into view. It is wielding a +0 whip.
The kobold shouts!
The kobold misses you.
You hit the kobold. You freeze the kobold.
You kill the kobold!
You see here a +0 whip. 3 gnolls come into view.
Found a whip.
The gnoll shouts! x2
The gnoll closely misses you.
The gnoll hits you from afar with a +0 halberd.
The gnoll hits you but does no damage.
You hit the gnoll.
The gnoll is poisoned.
The gnoll is moderately wounded.
The gnoll hits you with a +0 halberd!
The gnoll hits you from afar with a +0 halberd.
You barely miss the gnoll.
The gnoll is moderately wounded.
The gnoll hits you with a +0 halberd!
The gnoll hits you from afar with a +0 halberd.
The gnoll hits you with a +0 halberd.
You hit the gnoll but do no damage.
The gnoll looks as sick as possible!
The gnoll is heavily wounded.
The gnoll hits you from afar with a +0 halberd.
The gnoll barely misses you.
The gnoll hits you from afar with a +0 halberd!
* * * LOW HITPOINT WARNING * * *
You hit the gnoll.
You kill the gnoll!
The gnoll barely misses you. The gnoll closely misses you.
The gnoll hits you from afar with a +0 spear!
You die...

#.# *,* ##.#
#.###### *,* #.##
#......# *,* ##.#
######.# *,* ##. #.#
*,*###### #.#
*,....... #.#
**#######
#.#########*********
#..@gg.....,,,,,,,,.
###########*******##


You could see 2 gnolls.

Vanquished Creatures
  A wolf (D:2)
  A gnoll (D:2)
  2 adders (D:2)
  A dart slug (D:1)
  5 endoplasms (D:1)
  2 giant cockroaches
  2 goblins (D:1)
  3 hobgoblins (D:1)
  A quokka (D:2)
  5 ball pythons
  3 bats
  A frilled lizard (D:2)
  7 kobolds
  A rat (D:1)
35 creatures vanquished.

Vanquished Creatures (others)
  3 fungi
  2 plants (D:2)
  2 toadstools (D:1)
7 creatures vanquished.

Grand Total: 42 creatures vanquished

Notes
Turn   | Place    | Note
-------+----------+-------------------------------------------
     0 | D:1      | cheechan the Naga Chaos Knight began the quest for the Orb.
     0 | D:1      | Reached XP level 1. HP: 21/21 MP: 1/1
    41 | D:1      | XOM: silly message
   218 | D:1      | XOM: divination: detect items
   220 | D:1      | Reached XP level 2. HP: 24/28 MP: 2/2
   227 | D:1      | Reached skill level 1 in Dodging
   455 | D:1      | Reached XP level 3. HP: 10/34 MP: 3/3
   561 | D:1      | XOM: god gift: 31 gold pieces
   648 | D:1      | XOM: silly message
   930 | D:2      | Noticed a wolf
   930 | D:2      | a worm changed into a wolf
   935 | D:2      | XOM: noise
   937 | D:2      | Killed a wolf
   938 | D:2      | Reached skill level 4 in Maces & Flails
   938 | D:2      | Reached XP level 4. HP: 21/44 MP: 4/4
   938 | D:2      | Reached XP level 5. HP: 24/50 MP: 5/5
   990 | D:2      | XOM: give mutation
   990 | D:2      | Gained mutation: Your tail ends in a venomous barb. [Xom's
                  | mischief]
  1049 | D:2      | Found a faded altar of an unknown god.
  1063 | D:2      | XOM: 5-stop teleportation journey
  1103 | D:2      | Slain by a gnoll

Illustrated notes

Levels and vault maps discovered:
D:1:      dpeg_arrival_fog, layout_loops_ring, minmay_gold_behind_fungi,
          hangedman_decor_growths, minmay_domino_2
D:2:      layout_loops_ring, shapermc_ecumenical_altar_hornbeckon,
          grunt_ministairs_9

Skill      XL: |  1  2  3 |
---------------+----------+-----
Dodging        | 1 |  1.7
Maces & Flails | 4 |  4.4
Armour         | 2 |  2.1
Fighting       | |  3.8
Stealth        | |  0.5

Action                   |  1- 3 |  4- 6 || total
-------------------------+-------+-------++-------
Melee: Mace              |    73 |    30 ||   103
 Abil: Spit Poison       |     1 |     2 ||     3
  Use: Scroll            |     3 |       ||     3
Armor: Leather armour    |    47 |    11 ||    58
Dodge: Dodged            |    50 |    13 ||    63

Table legend: (Time is in decaauts)
 A = Elapsed time spent in this place.
 B = Non-inter-level travel time spent in this place.
 C = Inter-level travel time spent in this place.
 D = Time resting spent in this place.
 E = Time spent auto-exploring this place.
 F = Levels seen in this place.
 G = Mean time per level.
                   A        B        C        D        E       F      G
               +--------+--------+--------+--------+--------+-----+--------+
         Total |   1479 |   1479 |      0 |    107 |      0 |   2 |  739.5 |
       Dungeon |   1479 |   1479 |      0 |    107 |      0 |   2 |  739.5 |
               +--------+--------+--------+--------+--------+-----+--------+

Top non-repeatable levels by time:
     D:1: 991 daAuts
     D:2: 488 daAuts
